 Dungeon Crawl Stone Soup version 0.26-a0-812-g31a745ddcd (webtiles) character file.

Game seed: 18091626581816213510

5 nicanaca0 the Sneak (level 1, -2/9 HPs)
             Began as a Spriggan Enchanter on Nov 22, 2020.
             Slain by a leopard gecko (5 damage)
             ... on level 1 of the Dungeon.
             The game lasted 00:01:28 (392 turns).

nicanaca0 the Sneak (Spriggan Enchanter)             Turns: 392, Time: 00:01:28

Health: -2/9       AC:  2    Str:  4    XL:     1   Next: 66%
Magic:  4/5        EV: 17    Int: 16    God:
Gold:   11         SH:  7    Dex: 16    Spells: 4/5 levels left

rFire    . . .     SeeInvis +   a - +1 dagger
rCold    . . .     Faith    .   g - +2 buckler
rNeg     . . .     Spirit   .   b - +0 robe
rPois    .         Reflect  .   (helmet restricted)
rElec    .         Harm     .   (no cloak)
rCorr    .         Rampage  .   (gloves unavailable)
MR       .....                  (boots unavailable)
Stlth    +++.......             i - amulet of inaccuracy (curse)
HPRegen  0.03/turn              (no ring)
MPRegen  0.09/turn              (no ring)

@: very slightly contaminated, very quick
A: very small, unfitting armour, see invisible, speed 3
a: no special abilities


You were on level 1 of the Dungeon.
You visited 1 branch of the dungeon, and saw 1 of its levels.

You collected 11 gold pieces.

Inventory:

Hand Weapons
 a - a +1 dagger (weapon)
Armour
 b - a +0 robe (worn)
 g - a +2 buckler (worn)
Jewellery
 i - a cursed amulet of inaccuracy (around neck)
Scrolls
 e - a scroll of identify {@r1}
Potions
 c - a potion of flight {unknown}
 d - a potion of haste {unknown}
 f - 2 potions of heal wounds {@q2}
 h - a potion of might {unknown}


   Skills:
 - Level 1.1 Short Blades
 - Level 3.0 Dodging
 * Level 4.7 Stealth
 + Level 2.8 Spellcasting
 * Level 3.8 Hexes


You had 4 spell levels left.
You knew the following spells:

 Your Spells              Type           Power        Failure   Level
a - Corona                Hex            ##.....      7%          1

Your spell library contained the following spells:

 Spells                   Type           Power        Failure   Level
 Confusing Touch          Hex            ##......     21%         3
 Tukima's Dance           Hex            ##......     21%         3
 Ensorcelled Hibernation  Hex/Ice        #.....       22%         2
 Dazzling Flash           Conj/Hex       #.....       41%         3


Dungeon Overview and Level Annotations

Branches:
Dungeon (1/15)

Altars:


Innate Abilities, Weirdness & Mutations

You are very small and have problems with some larger weapons.
You are too small for most types of armour.
You have supernaturally acute eyesight. (SInv)
You cover ground extremely quickly.


Message History

The leopard gecko is severely wounded.
The leopard gecko misses you.
You hit the leopard gecko.
The leopard gecko is almost dead.
The leopard gecko bites you but does no damage.
You hit the leopard gecko but do no damage.
The leopard gecko is almost dead.
The leopard gecko stops glowing.
You block the leopard gecko's attack.
You closely miss the leopard gecko.
The leopard gecko is almost dead.
The leopard gecko closely misses you.
The leopard gecko completely misses you.
You closely miss the leopard gecko.
The leopard gecko is almost dead.
The leopard gecko barely misses you.
You miss the leopard gecko.
The leopard gecko is almost dead.
The leopard gecko bites you.
Ouch! That really hurt!
You die... ##..# #...........# ###...# ##..##.###### #...#.....l# #.# #.######h.## #.# ###.# #.h# #.# ....# #.. #.# ...## #gh

#r# ...# h.#
#l# ...#
..###@# ##.#
..##.# #..#
#.##.# ..##
#.##.# #####.
#.#..# ......
#...## ######
#####.####### #
##...........#
#
##.............


You could see a leopard gecko and a rat.

Vanquished Creatures
  A hobgoblin (D:1)
  3 bats (D:1)
  3 rats (D:1)
7 creatures vanquished.

Notes
Turn   | Place    | Note
-------+----------+-------------------------------------------
     0 | D:1      | nicanaca0 the Spriggan Enchanter began the quest for the
                  | Orb.
     0 | D:1      | Reached XP level 1. HP: 9/9 MP: 5/5
   392 | D:1      | Slain by a leopard gecko

Illustrated notes

Levels and vault maps discovered:
D:1:      roderic_crossed_star, layout_rooms

Action                   || total
-------------------------++-------
Melee: Dagger            ||    31
 Cast: Corona            ||     4
  Use: Scroll            ||     1
 Stab: Sleeping          ||     2
Armor: Robe              ||     3
Dodge: Dodged            ||    19
Block: Buckler           ||     3

Table legend: (Time is in decaauts)
 A = Elapsed time spent in this place.
 B = Non-inter-level travel time spent in this place.
 C = Inter-level travel time spent in this place.
 D = Time resting spent in this place.
 E = Time spent auto-exploring this place.
 F = Levels seen in this place.
 G = Mean time per level.
                   A        B        C        D        E       F      G
               +--------+--------+--------+--------+--------+-----+--------+
         Total |    313 |    313 |      0 |    109 |     80 |   1 |  313.0 |
       Dungeon |    313 |    313 |      0 |    109 |     80 |   1 |  313.0 |
               +--------+--------+--------+--------+--------+-----+--------+

Top non-repeatable levels by time:
     D:1: 313 daAuts
